% Time on Ice - UTAH ICE BEARS
Lines # - Real PCT - Wanted PCT - Time Play
Normal Forward
1 - 32% - 36% - 14:58
2 - 26% - 31% - 12:17
3 - 30% - 23% - 14:13
4 - 12% - 10% - 5:41
Normal Defense
1 - 36% - 36% - 16:46
2 - 30% - 31% - 14:05
3 - 31% - 23% - 14:24
4 - 4% - 10% - 1:54
PP Forward
1 - 54% - 55% - 3:11
2 - 46% - 45% - 2:46
PP Defense
1 - 50% - 55% - 2:59
2 - 50% - 45% - 2:58
PK Forward
1 - 57% - 55% - 2:49
2 - 43% - 45% - 2:06
PK Defense
1 - 36% - 55% - 1:45
2 - 64% - 45% - 3:10
PK3 Forward
1 - 0% - 55%
2 - 0% - 45%
PK3 Defense
1 - 0% - 55%
2 - 0% - 45%
44 Forward
1 - 52% - 55% - 1:02
2 - 48% - 45% - 0:57
44 Defense
1 - 52% - 55% - 1:02
2 - 48% - 45% - 0:57
Last Minute Offensive  - 0:00
Last Minute Defensive  - 0:00
Total
Forward - 60:00
Defense - 60:00
% Time on Ice - KELOWNA ROCKETS
Lines # - Real PCT - Wanted PCT - Time Play
Normal Forward
1 - 35% - 41% - 16:36
2 - 34% - 39% - 16:03
3 - 20% - 20% - 9:31
4 - 11% - 0% - 4:59
Normal Defense
1 - 33% - 34% - 15:33
2 - 31% - 32% - 14:33
3 - 31% - 21% - 14:31
4 - 5% - 13% - 2:32
PP Forward
1 - 72% - 65% - 3:32
2 - 28% - 35% - 1:23
PP Defense
1 - 39% - 65% - 1:54
2 - 61% - 35% - 3:01
PK Forward
1 - 60% - 55% - 3:33
2 - 40% - 45% - 2:24
PK Defense
1 - 56% - 55% - 3:19
2 - 44% - 45% - 2:38
PK3 Forward
1 - 0% - 55%
2 - 0% - 45%
PK3 Defense
1 - 0% - 55%
2 - 0% - 45%
44 Forward
1 - 43% - 55% - 0:51
2 - 57% - 45% - 1:08
44 Defense
1 - 43% - 55% - 0:51
2 - 57% - 45% - 1:08
Last Minute Offensive  - 0:00
Last Minute Defensive  - 0:00
Total
Forward - 60:00
Defense - 60:00
Play-by-Play 1st period 0:01 of 1st period - Artem Anisimov wins face-off versus Evgeny Kuznetsov in neutral zone. 0:04 of 1st period - Dmitri Orlov is hit by Kyle Okposo. 0:28 of 1st period - Shot by Nicholas Paul. 0:28 of 1st period - Shot Misses the Net. 0:30 of 1st period - Shot by Alexander Edler. 0:30 of 1st period - Shot Blocked by Dmitri Orlov. 0:32 of 1st period - Shot by Nicholas Paul. 0:32 of 1st period - Stopped by Marcus Hogberg without a rebound. 0:33 of 1st period - Anthony Cirelli wins face-off versus Alex Galchenyuk in KELOWNA ROCKETS zone. 0:33 of 1st period - Anthony Cirelli is hit by Andrew Mangiapane. 0:42 of 1st period - Tyler Bertuzzi is hit by Radim Simek and loses puck. 0:56 of 1st period - Minor Penalty to Tyler Bertuzzi for Hooking. 0:56 of 1st period - Minor Penalty to Conor Timmins for Roughing. 0:57 of 1st period - Blake Lizotte wins face-off versus Anthony Cirelli in UTAH ICE BEARS zone. 0:57 of 1st period - Blake Lizotte is hit by Jordan Eberle. 1:06 of 1st period - Alexander Edler is hit by Dmitri Orlov. 1:08 of 1st period - Shot by Blake Lizotte. 1:08 of 1st period - Shot Misses the Net. 1:40 of 1st period - Jordan Eberle is hit by Alexander Edler and loses puck. 2:05 of 1st period - Off-side. 2:06 of 1st period - Evgeny Kuznetsov wins face-off versus Kyle Okposo in neutral zone. 2:13 of 1st period - Shot by Alexander Ovechkin. 2:13 of 1st period - Goal by Alexander Ovechkin - UTAH ICE BEARS : 0 - KELOWNA ROCKETS : 1. 2:14 of 1st period - Kyle Okposo wins face-off versus Evgeny Kuznetsov in neutral zone. 2:37 of 1st period - Shot by Alexander Ovechkin. 2:37 of 1st period - Stopped by Thatcher Demko with a rebound. 2:41 of 1st period - Shot by Evgeny Kuznetsov. 2:41 of 1st period - Shot Misses the Net. 2:43 of 1st period - Shot by Adam Fox. 2:43 of 1st period - Stopped by Thatcher Demko with a rebound. 2:45 of 1st period - Shot by Kristopher Letang. 2:45 of 1st period - Shot Blocked by Radim Simek. 2:47 of 1st period - Shot by Adam Fox. 2:47 of 1st period - Shot Blocked by Radim Simek. 4:31 of 1st period - Shot by Artem Anisimov. 4:31 of 1st period - Shot Misses the Net. 4:33 of 1st period - Shot by Artem Anisimov. 4:33 of 1st period - Deflect By Kyle Okposo. 4:33 of 1st period - Shot Blocked by Jacob Larsson. 4:56 of 1st period - Icing by Vladimir Tarasenko. 4:57 of 1st period - Vladislav Kamenev wins face-off versus Alex Galchenyuk in KELOWNA ROCKETS zone. 5:11 of 1st period - Shot by Alex Galchenyuk. 5:11 of 1st period - Shot Hit the Post. 5:13 of 1st period - Shot by Alexander Edler. 5:13 of 1st period - Stopped by Marcus Hogberg with a rebound. 5:15 of 1st period - Shot by T.J. Brodie. 5:15 of 1st period - Stopped by Marcus Hogberg without a rebound. 5:16 of 1st period - Blake Lizotte wins face-off versus Anthony Cirelli in KELOWNA ROCKETS zone. 5:35 of 1st period - Blake Lizotte is hit by Pavel Buchnevich and loses puck. 6:30 of 1st period - Shot by Jordan Eberle. 6:30 of 1st period - Shot Misses the Net. 6:36 of 1st period - Shot by Jordan Eberle. 6:36 of 1st period - Deflect By Evgeny Kuznetsov. 6:36 of 1st period - Stopped by Thatcher Demko with a rebound. 6:46 of 1st period - Shot by Alexander Ovechkin. 6:46 of 1st period - Shot Blocked by Alexander Edler. 6:50 of 1st period - Shot by Jordan Eberle. 6:50 of 1st period - Goal by Jordan Eberle - UTAH ICE BEARS : 0 - KELOWNA ROCKETS : 2. 6:51 of 1st period - Artem Anisimov wins face-off versus Noah Gregor in neutral zone. 7:03 of 1st period - Icing by Mark Giordano. 7:04 of 1st period - Joakim Nordstrom wins face-off versus Blake Lizotte in KELOWNA ROCKETS zone. 7:04 of 1st period - Joakim Nordstrom is hit by Adam Mascherin. 7:21 of 1st period - Minor Penalty to Troy Stecher for Tripping. 7:22 of 1st period - Anthony Cirelli wins face-off versus Nicholas Paul in UTAH ICE BEARS zone. 7:23 of 1st period - Shot by Alexander Ovechkin. 7:23 of 1st period - Stopped by Thatcher Demko without a rebound. 7:24 of 1st period - Anthony Cirelli wins face-off versus Zachary Sanford in UTAH ICE BEARS zone. 7:39 of 1st period - Shot by Pavel Buchnevich. 7:39 of 1st period - Shot Misses the Net. 7:41 of 1st period - Shot by Pavel Buchnevich. 7:41 of 1st period - Stopped by Thatcher Demko without a rebound. 7:42 of 1st period - Evgeny Kuznetsov wins face-off versus Kyle Okposo in UTAH ICE BEARS zone. 8:03 of 1st period - Icing by Evgeny Kuznetsov. 8:04 of 1st period - Evgeny Kuznetsov wins face-off versus Zachary Sanford in KELOWNA ROCKETS zone. 8:09 of 1st period - Shot by Alexander Ovechkin. 8:09 of 1st period - Deflect By Evgeny Kuznetsov. 8:09 of 1st period - Stopped by Thatcher Demko without a rebound. 8:10 of 1st period - Zachary Sanford wins face-off versus Evgeny Kuznetsov in UTAH ICE BEARS zone. 8:57 of 1st period - Icing by Ilya Kovalchuk. 8:58 of 1st period - Evgeny Kuznetsov wins face-off versus Kyle Okposo in KELOWNA ROCKETS zone. 9:00 of 1st period - Icing by Adam Fox. 9:01 of 1st period - Kyle Okposo wins face-off versus Ilya Kovalchuk in KELOWNA ROCKETS zone. 10:35 of 1st period - Shot by Alexander Ovechkin. 10:35 of 1st period - Stopped by Thatcher Demko without a rebound. 10:36 of 1st period - Anthony Cirelli wins face-off versus Blake Lizotte in UTAH ICE BEARS zone. 11:04 of 1st period - Alexander Edler is hit by Dmitri Orlov and loses puck. 11:19 of 1st period - Shot by Anthony Cirelli. 11:19 of 1st period - Deflect By Tyler Bertuzzi. 11:19 of 1st period - Shot Misses the Net. 12:28 of 1st period - Shot by Alexander Ovechkin. 12:28 of 1st period - Shot Misses the Net. 13:22 of 1st period - Shot by Anthony Cirelli. 13:22 of 1st period - Shot Misses the Net. 13:40 of 1st period - Shot by Anthony Cirelli. 13:40 of 1st period - Shot Misses the Net. 13:42 of 1st period - Shot by Pavel Buchnevich. 13:42 of 1st period - Deflect By Anthony Cirelli. 13:42 of 1st period - Stopped by Thatcher Demko without a rebound. 13:43 of 1st period - Alex Galchenyuk wins face-off versus Joakim Nordstrom in UTAH ICE BEARS zone. 14:23 of 1st period - Icing by Andrew Mangiapane. 14:24 of 1st period - Evgeny Kuznetsov wins face-off versus Alex Galchenyuk in UTAH ICE BEARS zone. 14:57 of 1st period - Shot by Alexander Ovechkin. 14:57 of 1st period - Stopped by Thatcher Demko without a rebound. 14:58 of 1st period - Anthony Cirelli wins face-off versus Artem Anisimov in UTAH ICE BEARS zone. 15:31 of 1st period - Minor Penalty to Anthony Cirelli for Hooking. 15:32 of 1st period - Tyler Bertuzzi wins face-off versus Alex Galchenyuk in KELOWNA ROCKETS zone. 16:27 of 1st period - Icing by Radim Simek. 16:28 of 1st period - Alex Galchenyuk wins face-off versus Tyler Bertuzzi in UTAH ICE BEARS zone. 16:54 of 1st period - Shot by Blake Lizotte. 16:54 of 1st period - Stopped by Marcus Hogberg with a rebound. 17:00 of 1st period - Shot by Blake Lizotte. 17:00 of 1st period - Shot Misses the Net. 17:02 of 1st period - Shot by Alexander Edler. 17:02 of 1st period - Shot Blocked by Kristopher Letang. 17:04 of 1st period - Shot by Kyle Okposo. 17:04 of 1st period - Stopped by Marcus Hogberg without a rebound. 17:05 of 1st period - Tyler Bertuzzi wins face-off versus Artem Anisimov in KELOWNA ROCKETS zone. 18:23 of 1st period - Minor Penalty to Pavel Buchnevich for Hooking. 18:24 of 1st period - Anthony Cirelli wins face-off versus Blake Lizotte in KELOWNA ROCKETS zone. 18:34 of 1st period - Icing by Blake Lizotte. 18:35 of 1st period - Anthony Cirelli wins face-off versus Blake Lizotte in UTAH ICE BEARS zone. 18:39 of 1st period - Icing by Radim Simek. 18:40 of 1st period - Blake Lizotte wins face-off versus Anthony Cirelli in UTAH ICE BEARS zone. 19:53 of 1st period - Shot by Blake Lizotte. 19:53 of 1st period - Stopped by Marcus Hogberg without a rebound. 19:54 of 1st period - Blake Lizotte wins face-off versus Anthony Cirelli in KELOWNA ROCKETS zone. Goals for this period are 0 for UTAH ICE BEARS vs 2 for KELOWNA ROCKETS. Shots for this period are 6 for UTAH ICE BEARS vs 11 for KELOWNA ROCKETS. 2nd period 0:01 of 2nd period - Anthony Cirelli wins face-off versus Blake Lizotte in neutral zone. 0:14 of 2nd period - Anthony Cirelli is hit by Nicholas Paul and loses puck. 0:26 of 2nd period - Icing by Andrew Mangiapane. 0:27 of 2nd period - Vladislav Kamenev wins face-off versus Alex Galchenyuk in UTAH ICE BEARS zone. 0:28 of 2nd period - Shot by Ilya Kovalchuk. 0:28 of 2nd period - Shot Blocked by Radim Simek. 0:40 of 2nd period - Shot by Ilya Kovalchuk. 0:40 of 2nd period - Deflect By Vladimir Tarasenko. 0:40 of 2nd period - Shot Misses the Net. 0:51 of 2nd period - Icing by Alex Galchenyuk. 0:52 of 2nd period - Alex Galchenyuk wins face-off versus Evgeny Kuznetsov in UTAH ICE BEARS zone. 1:36 of 2nd period - Shot by Alexander Ovechkin. 1:36 of 2nd period - Stopped by Thatcher Demko without a rebound. 1:37 of 2nd period - Blake Lizotte wins face-off versus Anthony Cirelli in UTAH ICE BEARS zone. 1:42 of 2nd period - Shot by Blake Lizotte. 1:42 of 2nd period - Stopped by Marcus Hogberg without a rebound. 1:43 of 2nd period - Artem Anisimov wins face-off versus Anthony Cirelli in KELOWNA ROCKETS zone. 2:22 of 2nd period - Shot by Artem Anisimov. 2:22 of 2nd period - Shot Misses the Net. 3:00 of 2nd period - Shot by Andrew Mangiapane. 3:00 of 2nd period - Stopped by Marcus Hogberg without a rebound. 3:01 of 2nd period - Evgeny Kuznetsov wins face-off versus Blake Lizotte in KELOWNA ROCKETS zone. 3:01 of 2nd period - Evgeny Kuznetsov is hit by Adam Mascherin. 3:18 of 2nd period - Minor Penalty to Troy Stecher for Hooking. 3:19 of 2nd period - Zachary Sanford wins face-off versus Evgeny Kuznetsov in UTAH ICE BEARS zone. 3:30 of 2nd period - Shot by Alexander Ovechkin. 3:30 of 2nd period - Shot Misses the Net. 3:32 of 2nd period - Shot by Kristopher Letang. 3:32 of 2nd period - Shot Misses the Net. 3:34 of 2nd period - Shot by Kristopher Letang. 3:34 of 2nd period - Shot Misses the Net. 3:36 of 2nd period - Shot by Kristopher Letang. 3:36 of 2nd period - Stopped by Thatcher Demko without a rebound. 3:37 of 2nd period - Evgeny Kuznetsov wins face-off versus Kyle Okposo in UTAH ICE BEARS zone. 4:49 of 2nd period - Shot by Anthony Cirelli. 4:49 of 2nd period - Deflect By Pavel Buchnevich. 4:49 of 2nd period - Shot Misses the Net. 5:43 of 2nd period - Shot by Andrew Mangiapane. 5:43 of 2nd period - Stopped by Marcus Hogberg without a rebound. 5:44 of 2nd period - Evgeny Kuznetsov wins face-off versus Alex Galchenyuk in KELOWNA ROCKETS zone. 5:53 of 2nd period - Shot by Evgeny Kuznetsov. 5:53 of 2nd period - Stopped by Thatcher Demko with a rebound. 6:34 of 2nd period - Icing by Alexander Edler. 6:35 of 2nd period - Anthony Cirelli wins face-off versus Alex Galchenyuk in UTAH ICE BEARS zone. 6:58 of 2nd period - Shot by Pavel Buchnevich. 6:58 of 2nd period - Shot Misses the Net. 7:04 of 2nd period - Shot by Nicholas Paul. 7:04 of 2nd period - Deflect By Kyle Okposo. 7:04 of 2nd period - Shot Misses the Net. 7:06 of 2nd period - Shot by Artem Anisimov. 7:06 of 2nd period - Deflect By Kyle Okposo. 7:06 of 2nd period - Shot Blocked by Anthony Cirelli. 7:25 of 2nd period - Artem Anisimov is hit by Pavel Buchnevich. 7:34 of 2nd period - Icing by Tyler Bertuzzi. 7:35 of 2nd period - Blake Lizotte wins face-off versus Anthony Cirelli in KELOWNA ROCKETS zone. 7:35 of 2nd period - Blake Lizotte is hit by Niklas Hjalmarsson. 7:53 of 2nd period - Shot by Blake Lizotte. 7:53 of 2nd period - Shot Misses the Net. 8:07 of 2nd period -